 Dungeon Crawl Stone Soup version 0.19-a0-1786-g230130f (webtiles) character file.

679 4thArraOfDagon the Slasher (level 7, -5/54 HPs)
             Began as a Vampire Monk on Oct 3, 2016.
             Was a Believer of Okawaru.
             Slain by a gnoll
             ... wielding a +0 halberd
              (8 damage)
             ... on level 7 of the Dungeon.
             The game lasted 00:06:56 (1447 turns).

4thArraOfDagon the Slasher (Vampire Monk)           Turns: 1447, Time: 00:06:56

Health: -5/54      AC:  7    Str: 10    XL:     7   Next: 34%
Magic:  8/9        EV: 14    Int: 13    God:    Okawaru [**....]
Gold:   207        SH:  0    Dex: 18    Spells: 0 memorised, 6 levels left

rFire  + . .     SeeInvis +     a - +0 falchion
rCold  + . .     Gourm    .     e - +0 scale mail
rNeg   . . .     Faith    .     (no shield)
rPois  +         Spirit   .     (no helmet)
rElec  +         Dismiss  .     (no cloak)
rCorr  +         Reflect  .     (no gloves)
MR     .....     Harm     .     (no boots)
Stlth  +++.......               (no amulet)
                                (no ring)
                                j - ring of resist corrosion

@: lethally poisoned (-5 -> -6), resistant, heroism, regenerating quickly,
hasted, very quick
A: fangs 3, see invisible, unbreathing
a: Heroism, Renounce Religion


You were on level 7 of the Dungeon.
You worshipped Okawaru.
Okawaru was pleased with you.
You were very full.

You visited 2 branches of the dungeon, and saw 8 of its levels.

You collected 207 gold pieces.

Inventory:

Hand Weapons
 a - a +0 falchion (weapon)
 f - the +1 war axe of Hospitality {vamp, rPois Dex+5 SInv}
   (You found it on level 5 of the Dungeon)

   It inflicts no extra harm, but heals its wielder somewhat when it strikes a
   living foe.
   It affects your dexterity (+5).
   It protects you from poison.
   It lets you see invisible.
Armour
 b - a +1 robe
 e - a +0 scale mail (worn)
Jewellery
 j - a ring of resist corrosion (left hand)
Wands
 l - a wand of confusion (22/48)
Scrolls
 h - a scroll of fog
Potions
 d - a potion of haste
 g - a potion of lignification
 i - a potion of cure mutation


   Skills:
 + Level 4.1(9.1) Fighting
 * Level 5.6(10.6) Long Blades
 + Level 5.2(10.2) Dodging
 - Level 3.0(8.0) Stealth
 * Level 3.3 Invocations


You had 6 spell levels left.
You didn't know any spells.

Dungeon Overview and Level Annotations

Branches:
Dungeon (7/15)             Temple (1/1) D:5

Altars:
Ashenzari
Cheibriados
Elyvilon
Fedhas
Gozag
Hepliaklqana
Makhleb
Okawaru
Qazlal
Ru
Uskayaw
Xom
Lugonu

Annotations:
D:7 Joseph


Innate Abilities, Weirdness & Mutations

Your natural rate of healing is unusually fast.
You have razor-sharp teeth.
You have supernaturally acute eyesight. (SInv)
You can survive without breathing.


Message History

Your scale mail prevents you from hitting the gnoll.
The gnoll misses you.
Unknown command.
Evoke which item? (* to show all) (? for menu, Esc to quit)
Okay, then.
You hit the gnoll. You bite the gnoll.
The gnoll is moderately wounded.
The gnoll hits you with a halberd.
* * * LOW HITPOINT WARNING * * *
The gnoll hits you but does no damage.
You are poisoned.
Unknown command.
Unknown command.
It was a potion of resistance.
You feel protected.
You feel sick. The gnoll barely misses you. The gnoll closely misses you.
Unknown command.
It was a potion of haste.
You feel yourself speed up. The gnoll hits you with a halberd!
You die...

###.###..#########
.............<...######
#.#<#.#...##.s......g.#
#.#.#......#.###.####.#
#.#.#.#...##.# #.# #.#
g.#..........# #s# #.#
..#####..##### #g# #g#
.........# #g# #.#
.#######.#######@# #g#
.# .......(.(# #.# .#
....##########.# .#
..... ##.##.# ..
......####...#.# ..
......'.gg.....# ###
......####...#.# .....
##.##.# .g.. ####.#


You could see a scorpion and 2 gnolls.

Vanquished Creatures
  A sky beast (D:7)
  An ogre (D:5)
  2 centaurs
  A wyvern skeleton (D:6)
  A bullfrog zombie (D:6)
  2 hounds
  A jelly (D:6)
  A bullfrog skeleton (D:7)
  3 worker ants
  A worker ant zombie (D:5)
  2 adders
  A shadow imp (D:5)
  A worm (D:3)
  2 leopard geckos (D:3)
  2 orcs
  A giant cockroach (D:5)
  2 goblins (D:3)
  3 hobgoblins (D:3)
  A kobold (D:2)
  2 quokkas
  A bat (D:2)
  A quokka skeleton (D:6)
  2 rats (D:3)
35 creatures vanquished.

Notes
Turn   | Place    | Note
-------+----------+-------------------------------------------
     0 | D:1      | 4thArraOfDagon the Vampire Monk began the quest for the Orb.
     0 | D:1      | Reached XP level 1. HP: 17/17 MP: 1/1
   142 | D:3      | Reached XP level 2. HP: 14/23 MP: 2/2
   202 | D:3      | Found a shimmering altar of Xom.
   203 | D:3      | Found a hazy altar of Hepliaklqana.
   203 | D:3      | Noticed a tyrant leech
   204 | D:3      | Noticed a tyrant leech
   204 | D:3      | Noticed a spectral ugly thing
   284 | D:3      | Found a hide-covered altar of Uskayaw.
   287 | D:3      | Found a shattered altar of Ashenzari.
   290 | D:3      | Found a stormy altar of Qazlal.
   420 | D:5      | Entered Level 5 of the Dungeon
   490 | D:5      | Reached XP level 3. HP: 12/29 MP: 3/3
   500 | D:5      | Found a staircase to the Ecumenical Temple.
   505 | Temple   | Entered the Ecumenical Temple
   521 | Temple   | Became a worshipper of Warmaster Okawaru
   521 | Temple   | Reached * piety under Okawaru
   521 | Temple   | Reached ** piety under Okawaru
   553 | D:5      | Got an iridescent war axe
   554 | D:5      | Identified the +1 war axe of Hospitality {vamp, rPois Dex+5 SInv} (You found it on level 5 of the Dungeon)
   682 | D:5      | Reached XP level 4. HP: 30/35 MP: 4/4
   686 | D:5      | Noticed a phantom
   765 | D:5      | Noticed an ice beast
   769 | D:5      | Noticed an ogre
   782 | D:5      | Killed an ogre
   782 | D:5      | Reached skill level 1 in Invocations
   782 | D:5      | Reached XP level 5. HP: 15/41 MP: 2/6
   835 | D:5      | Found an opulent altar of Gozag.
   909 | D:6      | Noticed an ice beast
   939 | D:6      | Reached XP level 6. HP: 45/48 MP: 7/7
   940 | D:6      | Found a blossoming altar of Fedhas.
  1217 | D:6      | Reached skill level 5 in Long Blades
  1238 | D:6      | Noticed a sky beast
  1308 | D:7      | Noticed a sky beast
  1323 | D:7      | Reached skill level 5 in Dodging
  1346 | D:7      | Killed a sky beast
  1346 | D:7      | Reached XP level 7. HP: 30/54 MP: 9/9
  1352 | D:7      | Noticed Joseph
  1441 | D:7      | HP: 2/54 [gnoll/halberd (13)]
  1446 | D:7      | HP: 2/54 [poisoned by a gnoll]
  1447 | D:7      | Slain by a gnoll

Vault maps used:
D:1:      tarquinn_simple_flora_water_e, minmay_misc_feat_secret_circle,
          minmay_misc_feat_roman
D:2:      minmay_roachtagon, lemuel_round_altar, first_bread
D:3:      regret_index_temple_of_mockery, grunt_temple_overflow_diamond
D:4:      minivault_25
D:5:      kennysheep_mini
D:6:      marbit_many_paths, old_standard_altar
D:7:      tgw_trog, vehumet_altar_wand_db, uniq_joseph
Temple:   corrupted_temple

Skill      XL: |  1  2  3  4  5  6 |
---------------+-------------------+-----
Fighting       | 3 4 |  4.1
Dodging        | 4 5 |  5.2
Long Blades    | 4 5 |  5.6
Invocations    | 1 2 3 |  3.3
Stealth        | |  3.0

Action                   |  1- 3 |  4- 6 |  7- 9 || total
-------------------------+-------+-------+-------++-------
Melee: Falchion          |    77 |   124 |    11 ||   212
       Bite              |    13 |    19 |     3 ||    35
       Punch             |       |     3 |     2 ||     5
Invok: Heroism           |       |     7 |     1 ||     8
  Use: Potion            |     1 |     3 |     3 ||     7
       Scroll            |     7 |     1 |       ||     8
 Stab: Sleeping          |     1 |     4 |       ||     5
  Eat: Corpse            |     7 |     1 |       ||     8
Armor: Robe              |    12 |     5 |       ||    17
       Scale mail        |       |    22 |     2 ||    24
Dodge: Dodged            |    66 |    69 |    21 ||   156
       Rpst.: Falchion   |    23 |    21 |     2 ||    46
